Arrhythmia, chaotic female vampiric Convict ----- --------- |)..--- --.............### ------- --------------- |.....---|.........--.[| #|.....| ------- |.............| --..|......---------|..| ..(_..| |>....| --|---.--.----+- --.|-.[...---- ---- |.....| --- --....|--- |..|...|-.| --|.........|--- ----- --.|--- +.| ---.)|..---|..|--|-..--- ----.|....|..----...-- |@| |.| ---|-.....-|--........--+- -----..|....|.....---- |.Y |.|-----.....%--................| ------ |..|.............---.-. |.-..||.......-|..--------|--..-- |(%`%| --.)....---...........-.--- |.|..||........|--|.......%.|..-- |..(.| |........|...|...........---|.|..|--.......| |..(!.?(%!|...| ---|--------....-------...---......-|.|------....--| -----------...| ------.---...-|...-|..|..|-...|..---...|.--..|...|....|------ |.......-- |..|-.(.......|..--|..|..|--.....|-....|........---...-|.(((| |.------- |..-...............-|---|-----..-|..........--....|-...-.(((| |.|...| ----..........----.............%.|...`.......|-...|...-|.(((| |.|...| .............-- --+--.---------.........--..|........|------ |.--|-- +-----.........| |.|.(((| --.......-----|...|....|--------.....| --..------- |.-.(((| ---...--- --..|...--......|...[..+ ---- --|.(((| ----- -----.....----........| ------ ------- ---------- Arrhythmia the Jail-bird Experience level: 8 Strength: 25 Dexterity: 13 Constitution: 17 Intelligence: 13 Wisdom: 8 Charisma: 7 Health: 0(59) Energy: 44(44) AC: 0 Gold: 3851 Moves: 4288 Your Inventory: Coins $ - 3851 gold pieces Armor b - an uncursed +0 striped shirt (being worn) d - a [blessed] +4 pair of gauntlets of power (being worn) z - an [uncursed] +0 elven cloak (being worn) C - a [blessed] +0 hard hat [of cold resistance (dwarvish iron helm)] (being worn) D - an [uncursed +0] pair of fencing gloves [leather] F - a [blessed] +1 pair of walking shoes [low] (being worn) N - a [cursed -3] pair of padded gloves [gauntlets of fumbling] O - an [uncursed +0] pair of walking shoes [low] P - an [uncursed +0] small shield Scrolls y - an [uncursed] scroll labeled GHOTI [of enchant weapon] Potions e - an [uncursed] potion of extra healing g - an [uncursed] potion of healing n - an [uncursed] clear potion [of water] v - an [uncursed] puce potion [of full healing] A - a blessed potion of sleeping K - an uncursed potion of healing M - a [blessed] potion of healing Wands G - an [uncursed] wand of lightning (0:0) I - an [uncursed] wand of magic missile [0:0] J - an [uncursed] wand of magic missile [0:0] L - an [uncursed] wand of striking [0:6] Tools f - an [uncursed] lock pick k - an [uncursed magic] lamp called Magic (lit) t - an [uncursed] magic marker [0:55] u - an [uncursed] looking glass [mirror] w - an [uncursed] skeleton key x - an [uncursed +0] pick-axe Q - an [uncursed] towel Gems H - an [uncursed] violet gem [worthless glass] Iron balls c - an [uncursed] heavy iron ball (weapon in hand) Spells known in the end: Name Level Category Fail Memory Your skills at the end: Fighting Skills Weapon Skills sling [Basic / Skilled] Spellcasting Skills Final Attributes: You were stridently aligned. Hunger level was 773. Your alignment was 8 / 31. Monster difficulty range was 1 - 7. Level difficulty was 7. You were immune to cold. You were immune to poison. You were immune to level-drain. You were immune to sickness. You were stealthy. You could fly. You could survive without air. You were held by an owlbear. You regenerated. Your luck was zero. You are dead. Vanquished creatures: a shopkeeper a small mimic 3 watchmen a giant beetle a lynx a panther a vampire bat a dwarf mummy a jaguar a raven a plains centaur a Woodland-elf a mountain nymph a rock mole a yellow light 7 gnome lords 3 gnomish wizards a barrow wight a ghoul 2 floating eyes a kitten 11 dwarves a kobold lord a monkey 3 coyotes a hobbit 2 manes 3 giant rats 3 yellow molds 28 gnomes a gnome zombie 2 geckos a jackal a fox a goblin a sewer rat 5 grid bugs 2 lichens 2 kobold zombies 3 newts 104 creatures vanquished. Voluntary challenges: You went without food. You never hit with a wielded weapon. You read items or engraved 2 times. You put on armor 10 times. You never genocided any monsters. You never polymorphed an object. You never changed form. You used no wishes. You abstained from Elbereth's help. You never encountered a bones level. You never used any Sokoban shortcuts. Dungeon overview: The Dungeons of Doom: levels 1 to 3 Level 1 a fountain a long staircase Level 2 a general store Level 3 a bookstore stairs to The Gnomish Mines The Gnomish Mines: levels 4 to 7 Level 4 stairs to The Dungeons of Doom Level 7 <- You were here many shops, a temple, a magic chest History has recorded: On T:1 you entered the Dungeons of Doom to retrieve the Amulet of Yendor! On T:316 you advanced to experience level 2. On T:634 you reached level 2 of The Dungeons of Doom. On T:834 you reached level 3 of The Dungeons of Doom. On T:896 you reached level 1 of The Gnomish Mines. On T:899 you advanced to experience level 3. On T:908 you advanced to experience level 4. On T:1268 you advanced to experience level 5. On T:1631 you advanced to experience level 6. On T:2129 you advanced to experience level 7. On T:2354 you reached level 3 of The Gnomish Mines. On T:2772 you reached level 4 of The Gnomish Mines. On T:2994 you advanced to experience level 8. Latest messages: [HP+1=59] The owlbear hits! (2x) The owlbear grabs you! [HP-9=50] You cannot escape from the owlbear! The owlbear just misses! The owlbear hits! You are being crushed. [HP-13=37] You pull free from the owlbear. The owlbear misses. (2x) [HP+1=38] The owlbear hits! (2x) The owlbear grabs you! [HP-24=14] You miss the owlbear. You bite the owlbear. The owlbear hits! (2x) You are being crushed. [HP-6=8] You miss the owlbear. (2x) The owlbear hits! (2x) You die... Final status: Goodbye Arrhythmia the Convict... You died in The Gnomish Mines on dungeon level 7 with 9216 points, and 3851 pieces of gold, after 4288 moves. You were level 8 with a maximum of 59 hit points when you died.